 Dungeon Crawl Stone Soup version 0.28.0-45-g0d030f2227 (webtiles) character file.

Game seed: 9537241767476116161

37 NinjaNoafa the Chiller (level 3, -3/28 HPs)
             Began as a Draconian Ice Elementalist on Apr 16, 2022.
             Slain by Robin
             ... wielding a +0 dagger of electrocution
              (20 damage)
             ... on level 2 of the Dungeon.
             The game lasted 00:03:45 (1626 turns).

NinjaNoafa the Chiller (Draconian Ice Elementalist) Turns: 1626, Time: 00:03:46

Health: -3/28      AC:  5    Str: 10    XL:     3   Next: 23%
Magic:  3/6        EV: 12    Int: 17    God:
Gold:   44         SH:  0    Dex: 11    Spells: 5/6 levels left

rFire   . . .      SeeInvis .   c - +1 dagger (drain)
rCold   . . .      Faith    .   (no shield)
rNeg    . . .      Spirit   .   (armour unavailable)
rPois   .          Reflect  .   (helmet restricted)
rElec   .          Harm     .   (no cloak)
rCorr   .          Rampage  .   (no gloves)
Will    .....                   (no boots)
Stlth   ++........              (no amulet)
HPRegen 0.09/turn               (no ring)
MPRegen 0.10/turn               (no ring)

@: no status effects
A: AC +5, unfitting armour, cold-blooded
a: no special abilities


You were on level 2 of the Dungeon.
You visited 1 branch of the dungeon, and saw 2 of its levels.

You collected 44 gold pieces.

Inventory:

Hand Weapons
 a - a +0 short sword
 c - a +1 dagger of draining (weapon)
Missiles
 b - 2 stones
Potions
 e - a potion of curing


   Skills:
 * Level 1.3 Fighting
 * Level 2.2 Dodging
 * Level 2.2 Stealth
 + Level 2.2 Spellcasting
 + Level 0.4 Necromancy
 + Level 4.1 Ice Magic


You had 5 spell levels left.
You knew the following spells:

 Your Spells              Type           Power      Damage    Failure   Level
a - Freeze                Ice            64%        1d8       3%          1

Your spell library contained the following spells:

 Spells                   Type           Power      Damage    Failure   Level
 Frozen Ramparts          Ice            32%        1d5       11%         3
 Ozocubu's Armour         Ice            16%        N/A       11%         3
 Animate Skeleton         Necr           6%         N/A       16%         1
 Pain                     Necr           12%        1d4       16%         1
 Magic Dart               Conj           4%         1d3       19%         1
 Sting                    Tmut/Pois      4%         1d3       19%         1
 Call Imp                 Summ           1%         N/A       28%         2
 Poisonous Vapours        Pois/Air       2%         N/A       28%         2
 Vampiric Draining        Necr           3%         2d6       43%         3
 Mephitic Cloud           Conj/Pois/Air  1%         N/A       50%         3
 Hailstorm                Conj/Ice       8%         3d4       63%         4
 Olgreb's Toxic Radiance  Pois           1%         N/A       88%         4


Dungeon Overview and Level Annotations

Branches:
Dungeon (2/15)

Altars:

Annotations:
D:2 Robin


Innate Abilities, Weirdness & Mutations

Your plain brown scales are hard. (AC +5)
You cannot fit into any form of body armour.
You are cold-blooded and may be slowed by cold attacks.


Message History

The goblin is heavily wounded.
You closely miss the goblin.
The goblin is heavily wounded.
The goblin hits you but does no damage.
You catch the helpless goblin completely off-guard!
You hit the goblin.
You kill the goblin!
Items here: )))))) ††.
c - a +1 dagger of draining You sense an unholy aura.
c - a +1 dagger of draining (weapon)
You flicker back into view.
A frilled lizard comes into view.
You see here a +0 dagger.
Your extra speed is starting to run out.
You feel yourself slow down.
A frilled lizard is nearby!
You see here a +0 dagger.
Robin shouts!
You see here a +0 scale mail.
The frilled lizard hisses angrily.
Items here: ))))) ††.
Casting: Freeze (safe; 3% risk of failure)
Confirm with . or Enter, or press ? or * to list all spells.
Aiming: Freeze (safe; 3% risk of failure)
Press: ? - help, Shift-Dir - straight line, f - frilled lizard
Aim: a frilled lizard You freeze the frilled lizard!
You kill the frilled lizard!
Robin hits you but does no damage.
Casting: Freeze (safe; 3% risk of failure)
Confirm with . or Enter, or press ? or * to list all spells.
Aiming: Freeze (safe; 3% risk of failure)
Press: ? - help, Shift-Dir - straight line, f - Robin
Aim: Robin, wielding a +0 dagger of electrocution, wearing a +0 animal skin, wearing a +0 helmet and carrying a wand of polymorph (11)
You freeze Robin.
Robin is lightly wounded.
Robin hits you but does no damage.
You are electrocuted!!
Ouch! That really hurt!
You die...

####..###..............##.#.
#..# ######....####.##.#.
#..# #####.........[....
.... ..##...#####.##.##
##..# #.##...# #.##.##
#..#.###.##...# #.##...
...#?...[)...## #.##.##
#.#..##.#.>...# #......
#.....)@#.###.# #######
......).g#.. .#
##..........# # #..#.......#
#. ####..### # #... ..##.
### ..


You could see Robin.

Vanquished Creatures
  3 ball pythons (D:1)
  2 endoplasms
  11 goblins
  5 hobgoblins
  A quokka (D:1)
  3 bats
  2 frilled lizards
  4 kobolds
  3 rats (D:1)
34 creatures vanquished.

Notes
Turn   | Place    | Note
-------+----------+-------------------------------------------
     0 | D:1      | NinjaNoafa the Draconian Ice Elementalist began the quest
                  | for the Orb.
     0 | D:1      | Reached XP level 1. HP: 14/14 MP: 3/3
   522 | D:1      | Reached XP level 2. HP: 22/22 MP: 3/5
   995 | D:1      | Found a faded altar of an unknown god.
  1356 | D:2      | Reached skill level 1 in Fighting
  1556 | D:2      | Noticed Robin
  1564 | D:2      | Reached XP level 3. HP: 28/28 MP: 1/6
  1626 | D:2      | Slain by Robin

Illustrated notes

Levels and vault maps discovered:
D:1:      dpeg_arrival_shelter, layout_basic,
          hellmonk_ecumenical_altar_prayer_group, minivault_19
D:2:      layout_loops_cross, uniq_robin

Skill      XL: |  1  2 |
---------------+-------+-----
Dodging        | 2 |  2.2
Stealth        | 2 |  2.2
Fighting       | 1 |  1.3
Spellcasting   | |  2.2
Necromancy     | |  0.4
Ice Magic      | |  4.1

Action                   || total
-------------------------++-------
Melee: Unarmed           ||     2
       Short sword       ||    30
       Tailslap          ||     1
 Cast: Freeze            ||    36
  Use: Potion            ||     5
 Stab: Invisible         ||     2
Armor: Skin              ||    33
Dodge: Dodged            ||    30
